 Dungeon Crawl Stone Soup version 0.30.0 (webtiles) character file.

Game seed: 16440368110447815816

1012 RascalDebosk the Trooper (level 8, -16/61 HPs)
             Began as a Djinni Venom Mage on May 7, 2023.
             Was an Initiate of Ashenzari.
             Demolished by an ice beast (18 damage)
             ... on level 6 of the Dungeon.
             The game lasted 00:49:48 (5269 turns).

RascalDebosk the Trooper (Djinni Venom Mage)        Turns: 5269, Time: 00:49:49

Health: -16/61     AC:  4    Str:  7    XL:     8   Next: 45%
Gold:   207        EV:  9    Int: 20    God:    Ashenzari [......] SH:  8 Dex: 15

rFire   + + +        s - +1 dagger
rCold   x . .        d - +0 kite shield
rNeg    . . .        a - +0 robe
rPois   ∞            b - +0 helmet
rElec   .            u - scarf of Ashenzari's Vision {shadows, rF+ Dex+2, Self, Evo} (curse)
rCorr   .            z - +0 pair of gloves
SInv    .            (boots unavailable)
Will    .....        (no amulet)
Stlth   ++           (no ring)
HPRegen 0.30/turn    (no ring)
MPRegen 0.00/turn

%: infuse magic (-17 HP)
@: on blink cooldown, flying, very slightly contaminated
A: sickness immunity, fire resistance 2, cold vulnerability 1, float, innate
caster, HP casting, extra vitality 1
a: Renounce Religion, Curse Item, Shatter the Chains


You were on level 6 of the Dungeon.
You worshipped Ashenzari.
Ashenzari was noncommittal.
You visited 1 branch of the dungeon, and saw 6 of its levels.

You collected 255 gold pieces.
You spent 48 gold pieces at shops.

Inventory:

Hand Weapons
 s - a +1 dagger (weapon)
Armour
 a - a +0 robe (worn)
 b - a +0 helmet (worn)
 d - a +0 kite shield (worn)
 u - the cursed scarf of Ashenzari's Vision (worn) {shadows, rF+ Dex+2, Self, Evo}
   (You found it on level 4 of the Dungeon)

   Dex:       It affects your dexterity (+2).
   rF:        It protects you from fire.
   It has a curse which improves the following skills: Introspection: Fighting
   and Spellcasting.
   Evocations: Evocations.
 x - a +0 ring mail
 z - a +0 pair of gloves (worn)
Scrolls
 f - a scroll of fog
 q - a scroll of silence
 r - a scroll of butterflies
 t - a scroll of teleportation
 v - a scroll of immolation {unknown}
 w - a scroll of blinking {unknown}
 y - a scroll of magic mapping
 A - a scroll of brand weapon {unknown}
Potions
 c - 2 potions of might
 h - 2 potions of heal wounds {unknown}
 k - 2 potions of resistance
 l - a potion of flight {unknown}
 m - a potion of lignification {unknown}
 n - a potion of magic {unknown}
 o - 2 potions of curing
 p - 2 potions of brilliance
 B - a potion of invisibility


   Skills:
 * Level 5.5(5.9) Fighting
 + Level 3.0 Armour
 - Level 2.1 Dodging
 - Level 1.5 Stealth
 + Level 2.7 Shields
 * Level 4.9(5.3) Spellcasting


You knew the following spells:

 Your Spells              Type           Power      Damage    Failure   Level
a - Sting                 Tmut/Pois      100%       1d8       9%          1
b - Poisonous Vapours     Pois/Air       52%        N/A       13%         2
c - Mephitic Cloud        Conj/Pois/Air  26%        N/A       26%         3
d - Olgreb's Toxic Radia  Pois           26%        N/A       65%         4
e - Slow                  Hex            100%       N/A       9%          1
f - Scorch                Fire           52%        2d7       13%         2
g - Blink                 Tloc           52%        N/A       13%         2
Your spell library was empty.

Dungeon Overview and Level Annotations

Branches:
Dungeon (6/15)
 Temple: D:4-7

Altars:
Ashenzari
Makhleb
Okawaru

Shops:
D:4 *   D:5 (


Innate Abilities, Weirdness & Mutations

You are immune to sickness and miasma.
You are immune to poison.
Your flesh is very heat resistant. (rF++)
You are vulnerable to cold. (rC-)
You float through the air rather than walking.
You learn spells naturally, not from books.
Your magical power is your life essence.
You have superior vitality. (+4 MHP)


Message History

Aim: a gnoll, wielding a +0 flail (covering ground quickly, confused, chance to affect: 91%)
The ball explodes into a vile cloud!
The stinking cloud engulfs the ogre but does no damage.
The stinking cloud engulfs the gnoll but does no damage.
You hear a shout!
You hear an angry buzzing noise.
You hear an angry hiss.
The gnoll hits itself with a +0 whip.
The gnoll is engulfed in noxious fumes.
The gnoll appears confused.
The ogre is engulfed in noxious fumes.
The ogre appears confused.
Casting: Mephitic Cloud (dangerous; 26% risk of failure)
Confirm with . or Enter, or press ? or * to list all spells.
Aiming: Poisonous Vapours (safe; 13% risk of failure)
Press: ? - help, Dir - move target, f - ogre
Aim: an ogre, wielding a +0 giant spiked club (noxious fumes, confused) Poisonous vapours surround the ogre!
The ogre is poisoned.
The gnoll bouda barks out a call to the hunt!
The ogre is engulfed in noxious fumes.
Casting: Poisonous Vapours (safe; 13% risk of failure)
Confirm with . or Enter, or press ? or * to list all spells.
Aiming: Poisonous Vapours (safe; 13% risk of failure)
Press: ? - help, Dir - move target, f/p - ogre
Aim: an ogre, wielding a +0 giant spiked club (confused, poisoned) Poisonous vapours surround the ogre!
The ogre looks even sicker.
The gnoll is engulfed in noxious fumes.
The gnoll appears confused.
Casting: Poisonous Vapours (safe; 13% risk of failure)
Confirm with . or Enter, or press ? or * to list all spells.
Aiming: Poisonous Vapours (safe; 13% risk of failure)
Press: ? - help, Dir - move target, f - gnoll bouda, p - ogre
Aim: a gnoll bouda, wielding a +0 club and wearing a +0 leather armour Poisonous vapours surround the gnoll bouda!
The gnoll bouda is poisoned.
Casting: Poisonous Vapours (safe; 13% risk of failure)
Confirm with . or Enter, or press ? or * to list all spells.
Aiming: Poisonous Vapours (safe; 13% risk of failure)
Press: ? - help, Dir - move target, f - gnoll, p - gnoll bouda
Aim: a gnoll, wielding a +0 flail (covering ground quickly, confused) Poisonous vapours surround the gnoll!
The gnoll is poisoned.
The gnoll drinks a potion.
The gnoll seems to grow stronger.
Casting: Poisonous Vapours (safe; 13% risk of failure)
Confirm with . or Enter, or press ? or * to list all spells.
You miscast Scorch.
Nothing appears to happen.
The gnoll hits the ogre with a +0 flail.
The gnoll barely misses itself.
The gnoll bouda calls upon its god to heal the gnoll.
The gnoll's wounds heal themselves!
An ice beast comes into view.
You hear a shout!
Unknown command.
Casting: Scorch (safe; 13% risk of failure)
Confirm with . or Enter, or press ? or * to list all spells.
Flames lash the gnoll bouda but do no damage.
A gnoll comes into view. It is wielding a +0 club.
The ogre laughs at nothing.
The ogre closely misses the gnoll bouda.
Casting: Scorch (safe; 13% risk of failure)
Confirm with . or Enter, or press ? or * to list all spells.
Flames lash the ogre.
The ogre is severely wounded.
The ogre's fire resistance burns away.
The gnoll bouda calls upon its god to heal the gnoll.
The gnoll's wounds heal themselves!
Casting: Scorch (safe; 13% risk of failure)
Confirm with . or Enter, or press ? or * to list all spells.
Flames lash the gnoll.
The gnoll is almost dead.
The gnoll's fire resistance burns away.
The ogre hits the gnoll bouda with a +0 giant spiked club!
The ogre barely misses itself.
You block the gnoll bouda's attack.
Casting: Scorch (safe; 13% risk of failure)
Confirm with . or Enter, or press ? or * to list all spells.
Flames lash the gnoll.
The gnoll is severely wounded.
The gnoll's fire resistance burns away.
You block the gnoll bouda's attack.
Casting: Scorch (safe; 13% risk of failure)
Confirm with . or Enter, or press ? or * to list all spells.
You miscast Scorch.
Nothing appears to happen.
You kill the gnoll!
A centaur comes into view.
You block the gnoll's attack.
The gnoll bouda hits you with a +0 club!
* * * LOW HITPOINT WARNING * * *
Casting: Scorch (safe; 13% risk of failure)
Confirm with . or Enter, or press ? or * to list all spells.
You blink.
* * * LOW HITPOINT WARNING * * *
The ogre seems less confused.
The gnoll seems less confused.
The centaur wields a +0 shortbow.
The centaur shoots an arrow.
The arrow hits you!
* * * LOW HITPOINT WARNING * * *
Casting: Blink (safe; 13% risk of failure)
Confirm with . or Enter, or press ? or * to list all spells.
You are still too unstable to blink.
Casting: Blink (safe; 13% risk of failure)
Confirm with . or Enter, or press ? or * to list all spells.
The spell is quite dangerous to miscast (65% risk of failure)!
Continue anyway?
You miscast Olgreb's Toxic Radiance.
You feel odd. You resist.
* * * LOW HITPOINT WARNING * * *
The ogre barely misses you. The ice beast hits you.
* * * LOW HITPOINT WARNING * * *
The ice beast freezes you!!
You feel a terrible chill!
You die...

#.. #....#
####### #....#
#.....####
#....#
##.##..<.###
##..[.##
#.#####....
.###...g..###.(#
####.
.......Y.†§.?..#
#. #c@O.##..###
#.
...g.).g.##..#
#.
.........##..#
#.
.............#
#.
#.#...##..##.#
#. . ##.. .###.#
#. .#. .# .. #.
... ####.
....##....


You could see an ice beast, an ogre (very poisoned, combustible), a centaur, a
gnoll bouda (poisoned) and 2 gnolls.

Vanquished Creatures
  Grinder (D:4)
  Sigmund (D:3)
  A water moccasin (D:3)
  A phantom (D:6)
  A scorpion (D:5)
  3 hounds
  An orc priest (D:4)
  2 iguanas
  3 orc wizards
  7 adders
  A gnoll (D:6)
  A white imp (D:5)
  An ufetubus (D:5)
  A worm (D:5)
  2 dart slugs
  7 orcs
  2 bats (D:3)
  9 endoplasms
  4 giant cockroaches
  6 goblins
  15 hobgoblins
  A kobold (D:1)
  A quokka (D:3)
  4 ball pythons
  3 frilled lizards
  5 rats
84 creatures vanquished.

Notes
Turn   | Place    | Note
-------+----------+-------------------------------------------
     0 | D:1      | RascalDebosk the Djinni Venom Mage began the quest for the
                  | Orb.
     0 | D:1      | RascalDebosk set off with the following spells memorised:
                  | Sting, Poisonous Vapours, Mephitic Cloud, Olgreb's Toxic
                  | Radiance.
     0 | D:1      | Reached XP level 1. HP: 15/15 MP: 0/0
   108 | D:1      | Reached XP level 2. HP: 21/22 MP: 0/0
   163 | D:1      | Reached skill level 1 in Fighting
   381 | D:1      | Reached XP level 3. HP: 7/27 MP: 0/0
   381 | D:1      | Learned a level 1 spell: Slow
   572 | D:1      | Reached skill level 1 in Armour
  1181 | D:2      | Reached XP level 4. HP: 31/33 MP: 0/0
  1396 | D:2      | You are sucked into a shaft and drop 1 floor!
  1447 | D:3      | Noticed Sigmund
  1465 | D:3      | Killed Sigmund
  1466 | D:3      | Reached skill level 3 in Fighting
  1466 | D:3      | Reached XP level 5. HP: 13/40 MP: 0/0
  1466 | D:3      | Learned a level 2 spell: Scorch
  1466 | D:3      | Reached XP level 6. HP: 15/46 MP: 0/0
  1959 | D:3      | Found a broken altar of Ashenzari.
  1979 | D:3      | Became a worshipper of Ashenzari the Shackled
  2222 | D:3      | Noticed a water moccasin
  2229 | D:3      | Killed a water moccasin
  2230 | D:3      | Reached skill level 4 in Fighting
  2230 | D:3      | Reached skill level 1 in Shields
  2230 | D:3      | Reached XP level 7. HP: 28/52 MP: 0/0
  2230 | D:3      | Learned a level 2 spell: Blink
  2404 | D:3      | Found an iron altar of Okawaru.
  2826 | D:4      | Found a burning altar of Makhleb.
  2914 | D:4      | Found Othizoer's General Store.
  2922 | D:4      | Bought a scroll of butterflies for 48 gold pieces
  3063 | D:4      | Identified the scarf of Itosaut {shadows, rF+ Dex+2}
  3185 | D:4      | Noticed Grinder
  3371 | D:4      | Killed Grinder
  3836 | D:5      | Entered Level 5 of the Dungeon
  3948 | D:5      | Reached skill level 5 in Fighting
  3948 | D:5      | Reached XP level 8. HP: 50/59 MP: 0/0
  4181 | D:5      | Found Rill's Weapon Boutique.
  5269 | D:6      | HP: 2/61 [ice beast (4)]
  5269 | D:6      | Demolished by an ice beast

Illustrated notes

Levels and vault maps discovered:
D:1:      saegor_arrival_simple_a, layout_basic, nicolae_figureground_sparkle
D:2:      layout_loops_ring, nicolae_ecumenical_snake_handling
D:3:      layout_loops_cross, nicolae_ashenzari_skybound,
          mainiacjoe_overflow_paths, minmay_divided_ellipse, uniq_sigmund
D:4:      layout_basic, mainiacjoe_overflow_24_doors, serial_shops, shop,
          hangedman_decor_riveting, uniq_grinder
D:5:      layout_basic, serial_shops, nicolae_shop_tiny_glass
D:6:      layout_rooms, serial_shops, shop, uniq_pikel

Skill      XL: |  1  2  3  4  5  6  7  8 |
---------------+-------------------------+-----
Fighting       | 1 3 4 5 |  5.5
Armour         | 1 2 3 |  3.0
Spellcasting   | 3 4 |  4.9
Shields        | 1 2 |  2.7
Dodging        | |  2.1
Stealth        | |  1.5

Action                     |  1- 3 |  4- 6 |  7- 9 || total
---------------------------+-------+-------+-------++-------
  Melee: Dagger            |     4 |     3 |       ||     7
   Cast: Sting             |    56 |     4 |     2 ||    62
         Poisonous Vapours |    19 |    18 |    24 ||    61
         Mephitic Cloud    |     1 |     8 |    10 ||    19
         Olgreb's Toxic Ra |       |     5 |     3 ||     8
         Scorch            |       |    12 |    48 ||    60
         Blink             |       |       |     2 ||     2
 Invoke: Curse Item        |       |       |     1 ||     1
    Use: Scroll            |       |       |    12 ||    12
 Armour: Robe              |     8 |     5 |     1 ||    14
  Dodge: Dodged            |    19 |    11 |    15 ||    45
  Block: Kite shield       |       |       |     4 ||     4
